 Dungeon Crawl Stone Soup version 0.31-a0-876-gfe8ebadbca (webtiles) character file.

Game seed: 10267799328801760397

124 BinkBink the Cudgeller (level 5, -8/33 HPs)
             Began as a Gargoyle Monk on Oct 14, 2023.
             Mangled by an ogre
             ... wielding a +0 giant club
              (11 damage)
             ... on level 4 of the Dungeon.
             The game lasted 00:03:19 (3021 turns).

BinkBink the Cudgeller (Gargoyle Monk)              Turns: 3021, Time: 00:03:20

Health: -8/33      AC: 18    Str: 16    XL:     5   Next: 8%
Magic:  5/5        EV:  5    Int: 14    God:
Gold:   91         SH:  0    Dex: 12    Spells: 4/4 levels left

rFire   . . .        a - +1 mace
rCold   . . .        d - orb {light}
rNeg    + . .        v - +1 plate armour
rPois   ∞            m - +2 helmet {Int+3}
rElec   +            (no cloak)
rCorr   .            (no gloves)
SInv    .            (no boots)
Will    .....        (no amulet) Stlth
                     (no ring)
HPRegen 0.25/turn    (no ring)
MPRegen 0.09/turn

%: no passive effects
@: glowing, invisible (but backlit and visible)
A: sickness immunity, AC +4, negative energy resistance 1, electricity
resistance, torment resistance 1, petrification resistance
a: no special abilities


You were on level 4 of the Dungeon.
You visited 1 branch of the dungeon, and saw 4 of its levels.

You collected 91 gold pieces.

Inventory:

Hand Weapons
 a - a +1 mace (weapon)
 w - the +3 spear "Zykhos" {flame, Int+3}
   (You found it on level 3 of the Dungeon)

   Int+3:     It affects your intelligence (+3).
Armour
 d - an orb of light (worn)
 m - a +2 helmet of intelligence (worn)
 v - a +1 plate armour (worn)
Jewellery
 g - a ring of magical power
 r - a ring of wizardry
Wands
 i - a wand of polymorph (5)
 n - a wand of quicksilver (3)
Scrolls
 e - 2 scrolls of enchant armour
 k - a scroll of revelation
 s - a scroll of teleportation
Potions
 b - a potion of curing {unknown}
 c - a potion of ambrosia
 f - a potion of attraction {unknown}
 h - a potion of enlightenment {unknown}
 o - a potion of invisibility
 p - a potion of berserk rage {unknown}
 x - 2 potions of resistance {unknown}


   Skills:
 + Level 4.0 Fighting
 * Level 4.2 Maces & Flails
 + Level 2.0 Armour
 + Level 3.0 Dodging


You had 4 spell levels left.
You didn't know any spells.
Your spell library contained the following spells:

 Spells                   Type           Power      Damage    Failure   Level
 Kiss of Death            Conj/Necr      0%         2d5       100%        1
 Ignition                 Fire           0%         3d3       100%        8
 Fire Storm               Conj/Fire      0%         5d1       100%        9
 Cigotuvi's Dreadful Rot  Necr/Pois/Air  Unusable   N/A       N/A         2

Dungeon Overview and Level Annotations

Branches:
Dungeon (4/15)
 Temple: D:4-7

Altars:

Shops:
D:3 ?   D:4 (


Innate Abilities, Weirdness & Mutations

You are immune to sickness and miasma.
Your stone body is resilient. (AC +4)
You are immune to poison.
You resist negative energy. (rN+)
You are resistant to electric shocks. (rElec)
You are resistant to unholy torment.
You are immune to petrification.


Message History

The endoplasm quivers.
An endoplasm is nearby!
An endoplasm is nearby!
An endoplasm is nearby!
You hit the endoplasm.
The endoplasm is moderately wounded.
The endoplasm freezes you.
You are frozen.
The endoplasm freezes you.
You are frozen.
You hit the endoplasm.
The endoplasm is almost dead.
The endoplasm barely misses you.
You sock the endoplasm!
You kill the endoplasm!
Your Armour skill increases to level 2!
No target in view!
No target in view!
An ogre comes into view. It is wielding a +0 giant club.
The ogre shouts!
An ogre is nearby!
An ogre is nearby!
An ogre is nearby!
You hit the ogre.
The ogre is lightly wounded.
The ogre hits you with a +0 giant club!!
Ouch! That really hurt!
You are too injured to fight recklessly!
You are too injured to fight recklessly!
You are too injured to fight recklessly!
Unknown command.
You hit the ogre but do no damage.
The ogre is lightly wounded.
The ogre hits you with a +0 giant club!
* * * LOW HITPOINT WARNING * * *
Okay, then.
It was a potion of invisibility.
You become transparent, but the glow from your halo prevents you from becoming completely invisible.
The ogre hits you with a +0 giant club!
You die...

## ..... ###..
...... ...
#..... ##.#
#.... #@## ##..#
#.O#.## #...#
####..####..##
##..#.....#
#....#....#
#..##.##....####
. ...##
#.##..##...#..#
#.
#....###......#
#.
#....###.####.#


You could see an ogre.

Vanquished Creatures
  An iguana (D:3)
  A sleepcap (D:4)
  2 adders
  2 dart slugs (D:1)
  4 orcs (D:3)
  4 ball pythons
  2 bats
  3 endoplasms
  2 giant cockroaches
  4 hobgoblins (D:3)
  2 jackals (D:1)
  A quokka (D:3)
  2 frilled lizards (D:1)
  8 goblins
  3 kobolds
  3 rats
44 creatures vanquished.

Notes
Turn   | Place    | Note
-------+----------+-------------------------------------------
     0 | D:1      | BinkBink the Gargoyle Monk began the quest for the Orb.
     0 | D:1      | Reached XP level 1. HP: 14/14 MP: 1/1
   140 | D:1      | Reached XP level 2. HP: 15/19 MP: 2/2
   892 | D:2      | Got an illuminated book
  1068 | D:2      | Reached skill level 1 in Armour
  1068 | D:2      | Reached XP level 3. HP: 21/23 MP: 3/3
  1220 | D:2      | Found a faded altar of an unknown god.
  1896 | D:3      | Reached XP level 4. HP: 22/29 MP: 4/4
  2044 | D:3      | Found Upais's Magic Scroll Shoppe.
  2459 | D:3      | Identified the +3 spear "Zykhos" {flame, Int+3}
  2858 | D:4      | Found Xikkaiga's Antique Weapon Shop.
  2907 | D:4      | Reached XP level 5. HP: 29/33 MP: 5/5
  3017 | D:4      | Noticed an ogre
  3021 | D:4      | Mangled by an ogre

Illustrated notes

Levels and vault maps discovered:
D:1:      dpeg_arrival_rooms_c, layout_loops_ring
D:2:      layout_basic, serial_curves, eino_curves_01, eino_curves_04,
          basic_ecumenical_altar, minmay_tromino_i4
D:3:      layout_basic, serial_shops, shop, minmay_goblin_kobold_house
D:4:      black_bear_nest_1, layout_layer_cave, bloody_trog,
          nicolae_ru_sacrificial_ziggurat, serial_shops,
          nicolae_shop_tiny_waterfront, nicolae_shop_rolling_square,
          nicolae_inconvenience_store, biasface_ghost_orc_armoury,
          uniq_blork_the_orc

Skill      XL: |  1  2  3  4  5 |
---------------+----------------+-----
Armour         | 1 2 |  2.0
Maces & Flails | 4 |  4.2
Fighting       | 4 |  4.0
Dodging        | 3 |  3.0

Action                     |  1- 3 |  4- 6 || total
---------------------------+-------+-------++-------
  Melee: Mace              |    90 |    58 ||   148
    Use: Scroll            |     1 |     8 ||     9
         Potion            |       |     1 ||     1
 Armour: Robe              |    45 |       ||    45
         Plate armour      |     7 |    56 ||    63
  Dodge: Dodged            |    63 |    16 ||    79

Table legend: (Time is in decaauts)
 A = Elapsed time spent in this place.
 B = Non-inter-level travel time spent in this place.
 C = Inter-level travel time spent in this place.
 D = Time resting spent in this place.
 E = Time spent auto-exploring this place.
 F = Levels seen in this place.
 G = Mean time per level.
                   A        B        C        D        E       F      G
               +--------+--------+--------+--------+--------+-----+--------+
         Total |   3052 |   2945 |    107 |    350 |   2226 |   4 |  763.0 |
       Dungeon |   3052 |   2945 |    107 |    350 |   2226 |   4 |  763.0 |
               +--------+--------+--------+--------+--------+-----+--------+

Top non-repeatable levels by time:
     D:3: 1176 daAuts
     D:1: 850 daAuts
     D:2: 827 daAuts
     D:4: 199 daAuts
